 Seeded DCSS version 0.29.1-15-g9cfb28693d (webtiles) character file.

Game seed: 9319893146637693751 (custom seed)

11 bmack86 the Shield-Bearer (level 2, 26/26 HPs)
             Began as a Minotaur Fighter on Apr 8, 2024.
             Quit the game on level 1 of the Dungeon.
             The game lasted 00:00:39 (226 turns).

bmack86 the Shield-Bearer (Minotaur Fighter)         Turns: 226, Time: 00:00:40

Health: 26/26      AC:  6    Str: 20    XL:     2   Next: 13%
Magic:  1/1        EV:  9    Int:  5    God:
Gold:   15         SH:  4    Dex:  9    Spells: 1/1 levels left

rFire   . . .      SeeInvis .   a - +0 war axe
rCold   . . .      Faith    .   c - +0 buckler
rNeg    . . .      Spirit   .   b - +0 scale mail
rPois   .          Reflect  .   (helmet restricted)
rElec   .          Harm     .   (no cloak)
rCorr   .          Rampage  .   (no gloves)
Will    .....                   (no boots)
Stlth   ..........              (no amulet)
HPRegen 0.08/turn               (no ring)
MPRegen 0.07/turn               (no ring)

@: no status effects
A: horns 2, retaliatory headbutt
a: no special abilities


You were on level 1 of the Dungeon.
You visited 1 branch of the dungeon, and saw 1 of its levels.

You collected 15 gold pieces.

Inventory:

Hand Weapons
 a - a +0 war axe (weapon)
Armour
 b - a +0 scale mail (worn)
 c - a +0 buckler (worn)
Scrolls
 f - a scroll of acquirement
Potions
 d - a potion of might
 e - a potion of brilliance {unknown}


   Skills:
 - Level 3.6 Fighting
 * Level 3.5 Axes
 - Level 3.6 Armour
 - Level 3.6 Shields


You had one spell level left.
You didn't know any spells.
Your spell library was empty.

Dungeon Overview and Level Annotations

Branches:
Dungeon (1/15)

Altars:


Innate Abilities, Weirdness & Mutations

You have a pair of horns on your head.
You reflexively headbutt those who attack you in melee.


Message History

You have reached level 2!
HP restored.
You now have 15 gold pieces.
A ball python comes into view.
The ball python hisses angrily.
The ball python moves out of view.
A ball python is nearby!
You aren't carrying any scrolls.
You hit the ball python.
You kill the ball python!
You see here a ball python corpse.
e - a puce potion You open the door.
There is an open door here.
Found a stone staircase leading down.
A kobold comes into view. It is wielding a +0 club.
The kobold shouts!
A kobold is nearby!
A frilled lizard comes into view.
The kobold hits you but does no damage.
You hit the kobold. Your headbutt misses the kobold.
The kobold is heavily wounded.
The kobold hits you but does no damage. The kobold barely misses you.
You hit the kobold.
You kill the kobold!
Found a scroll labelled ZILOWIT NISTE.
The frilled lizard barely misses you.
Things that are here:
a +0 club; a kobold corpse You miss the frilled lizard.
The frilled lizard barely misses you. You block the frilled lizard's attack.
You slash the frilled lizard!
You kill the frilled lizard!
You see here a frilled lizard corpse.
A rat comes into view.
You see here a scroll labelled ZILOWIT NISTE.
f - a scroll labelled ZILOWIT NISTE This is a scroll of acquirement!
Unknown command.
Okay, then.
Are you sure you want to abandon this character and quit the game? (Confirm with "yes".)

#... #..# #.##+##
##..# #.....#
######.... #..r..#
.......## #..?..#
........# .....#
#.......# ....
..#.#...# #####.#
..#.#...####....@#
###.#.#..)†...####
#.#.#.....>##
#.#.######## #.#..
#.### #.#


You could see a rat.

Vanquished Creatures
  A goblin (D:1)
  3 hobgoblins (D:1)
  A quokka (D:1)
  A ball python (D:1)
  A bat (D:1)
  A frilled lizard (D:1)
  2 kobolds (D:1)
10 creatures vanquished.

Notes
Turn   | Place    | Note
-------+----------+-------------------------------------------
     0 | D:1      | bmack86 the Minotaur Fighter began the quest for the Orb.
     0 | D:1      | Reached XP level 1. HP: 19/19 MP: 0/0
    63 | D:1      | Reached XP level 2. HP: 17/26 MP: 1/1
   226 | D:1      | Identified a scroll of acquirement
   226 | D:1      | Quit the game

Illustrated notes

Levels and vault maps discovered:
D:1:      evilmike_arrival_rings, layout_basic, interstate_on_off

Skill      XL: |  1 |
---------------+----+-----
Axes           | 3 |  3.5
Fighting       | |  3.6
Armour         | |  3.6
Shields        | |  3.6

Action                   || total
-------------------------++-------
Melee: War axe           ||    16
       Headbutt          ||     2
Armor: Scale mail        ||     9
Dodge: Dodged            ||    10
Block: Buckler           ||     7
